 Dungeon Crawl Stone Soup version 0.20-a0-957-g47ad1fd (webtiles) character file.

162 Firecrotchwizard the Chopper (level 5, -2/46 HPs)
             Began as a Minotaur Berserker on Apr 6, 2017.
             Was a Believer of Trog.
             Killed from afar by Vibarexel's ghost (19 damage)
             ... with a flame tongue
             ... on level 4 of the Dungeon.
             The game lasted 00:03:45 (1892 turns).

Firecrotchwizard the Chopper (Minotaur Berserker)   Turns: 1892, Time: 00:03:46

Health: -2/46      AC:  8    Str: 22    XL:     5   Next: 19%
Magic:  4/4        EV: 12    Int:  4    God:    Trog [**....]
Gold:   169        SH:  0    Dex: 10    Spells: 4/4 levels left

rFire    . . .     SeeInvis .   p - +2 hand axe (vamp)
rCold    . . .     Gourm    .   (no shield)
rNeg     . . .     Faith    .   j - +0 ring mail
rPois    .         Spirit   .   (helmet restricted)
rElec    .         Reflect  .   (no cloak)
rCorr    .         Harm     .   (no gloves)
MR       +++..                  k - +1 pair of boots
Stlth    ..........             (no amulet)
Regen    1.2/turn               e - ring of wizardry
MPRegen  0.1/turn               q - ring of protection from magic

@: liquid flames, regenerating, glowing
A: retaliatory headbutt, horns 2
a: Berserk, Trog's Hand, Burn Spellbooks, Renounce Religion


You were on level 4 of the Dungeon.
You worshipped Trog.
Trog was pleased with you.
You were not hungry.

You visited 1 branch of the dungeon, and saw 4 of its levels.

You collected 169 gold pieces.

Inventory:

Hand Weapons
 a - a +0 hand axe
 p - a +2 vampiric hand axe (weapon)
Armour
 b - a +0 animal skin
 j - a +0 ring mail (worn)
 k - a +1 pair of boots (worn)
Jewellery
 e - a ring of wizardry (left hand)
 q - a ring of protection from magic (right hand)
Scrolls
 d - a scroll of teleportation {unknown}
 g - 3 scrolls of identify {unknown}
 h - a scroll of amnesia {unknown}
 i - a scroll of noise {unknown}
 l - a scroll of enchant weapon {unknown}
 m - a scroll of fog {unknown}
 o - a scroll of fear {unknown}
Potions
 n - a potion of curing {unknown}
Comestibles
 c - 3 bread rations
 f - 9 chunks of flesh
 r - a meat ration


   Skills:
 + Level 4.2 Fighting
 * Level 5.3 Axes
 + Level 3.7 Armour
 + Level 3.4 Dodging


You had 4 spell levels left.
You didn't know any spells.

Dungeon Overview and Level Annotations

Branches:
Dungeon (4/15)
 Temple: D:4-7

Altars:
Ashenzari
Ru
Xom
Zin

Annotations:
D:3 Psyclone's ghost, amateur OpFE
D:4 Vibarexel's ghost, amateur DEFE


Innate Abilities, Weirdness & Mutations

You reflexively headbutt those who attack you in melee.
You have a pair of horns on your head.


Message History

The sticky flame hits you!
You are covered in liquid flames!
You hit Vibarexel's ghost but do no damage.
Vibarexel's ghost is heavily damaged.
You are covered in liquid flames!
Vibarexel's ghost hits you but does no damage.
You closely miss Vibarexel's ghost.
Vibarexel's ghost is heavily damaged.
You are covered in liquid flames!
Vibarexel's ghost hits you.
You completely miss Vibarexel's ghost.
Vibarexel's ghost is heavily damaged.
You are covered in liquid flames!
Vibarexel's ghost closely misses you.
You closely miss Vibarexel's ghost. You headbutt Vibarexel's ghost!
Vibarexel's ghost is almost destroyed.
You are covered in liquid flames!
Vibarexel's ghost gestures at you while chanting.
The flame tongue hits you!
You die...

#.# .# .. #.# .# ...
#.# #####.##....
.##.#####.......## ##
...........))....# .#
###.......).)###.#..#
####.##.##.###.#..##.#
#.##.##.....W.....#
#.##.######@#..##.
#.##.# #.# W.. #.##.#
#.# . #.##.. ...
#.#### #.# #.# #.. ###


You could see Vibarexel's ghost.

Vanquished Creatures
  A centaur skeleton (D:4)
  An orc wizard (D:4)
  Terence (D:3)
  3 adders
  A worm (D:2)
  2 leopard geckos
  4 orcs
  6 bats
  5 giant cockroaches
  9 goblins
  A hobgoblin (D:2)
  3 jackals (D:2)
  2 quokkas (D:2)
  2 ball pythons (D:1)
  A frilled lizard (D:2)
  5 kobolds
  5 rats
52 creatures vanquished.

Notes
Turn   | Place    | Note
-------+----------+-------------------------------------------
     0 | D:1      | Firecrotchwizard the Minotaur Berserker began the quest for the Orb.
     0 | D:1      | Reached XP level 1. HP: 19/19 MP: 0/0
   320 | D:1      | Reached skill level 4 in Axes
   320 | D:1      | Reached XP level 2. HP: 22/27 MP: 1/1
   708 | D:2      | Reached ** piety under Trog
   713 | D:2      | Reached XP level 3. HP: 33/33 MP: 2/2
   714 | D:2      | Found a glowing silver altar of Zin.
  1103 | D:2      | Found a shattered altar of Ashenzari.
  1215 | D:3      | Noticed Terence
  1222 | D:3      | Killed Terence
  1222 | D:3      | Reached XP level 4. HP: 23/40 MP: 3/3
  1370 | D:3      | Found a shimmering altar of Xom.
  1552 | D:3      | Reached skill level 5 in Axes
  1641 | D:3      | Found a sacrificial altar of Ru.
  1741 | D:3      | Noticed Psyclone's ghost (amateur OpFE)
  1802 | D:4      | Reached XP level 5. HP: 42/46 MP: 4/4
  1879 | D:4      | Noticed Vibarexel's ghost (amateur DEFE)
  1892 | D:4      | Killed from afar by Vibarexel's ghost

Vault maps used:
D:1:      matt_arrival_refuge, minmay_pentomino_o4
D:2:      grunt_temple_overflow_open, serial_corexii_hall,
          corexii_hall_statues_i, corexii_hall_statues_i
D:3:      old_standard_altar, lemuel_doored_altar, uniq_terence
D:4:      lemuel_coloured_pillars_altar, kennysheep_mini_moat,
          minmay_crystal_water

Skill      XL: |  1  2  3  4 |
---------------+-------------+-----
Axes           | 4 5 |  5.3
Armour         | 3 |  3.7
Fighting       | 4 |  4.2
Dodging        | 3 |  3.4

Action                   |  1- 3 |  4- 6 || total
-------------------------+-------+-------++-------
Melee: Hand axe          |    86 |    30 ||   116
       Headbutt          |    10 |     6 ||    16
Invok: Trog's Hand       |       |     1 ||     1
  Eat: Chunk             |     1 |       ||     1
       Royal jelly       |       |     2 ||     2
       Bread ration      |       |     1 ||     1
Armor: Animal skin       |     7 |       ||     7
       Ring mail         |    25 |    11 ||    36
Dodge: Dodged            |    62 |    21 ||    83
